 Dungeon Crawl Stone Soup version 0.30-a0-1163-gf69bf04e7a (webtiles) character file.

Game seed: 6477694469188888345

2309102 bakla the Sifu (level 21, 179/179 HPs)
             Began as a Demonspawn Brigand on Apr 27, 2023.
             Was the Champion of Wu Jian.
             Escaped with the Orb
             ... and 3 runes on Apr 29, 2023!
             The game lasted 02:14:25 (33898 turns).

bakla the Sifu (Demonspawn Brigand)                Turns: 33898, Time: 02:14:26

Health: 179/179    AC: 22    Str: 11      XL:     21   Next: 73%
Magic:  32/32      EV: 34    Int: 13 (15) God:    Wu Jian [******]
Gold:   1454       SH:  0    Dex: 28 (30) Spells: 26/28 levels left

rFire   + . .        c - +9 quick blade (vamp)
rCold   + . .        (no shield)
rNeg    . . .        Z - +4 troll leather armour
rPois   .            g - +2 hat {Will+}
rElec   .            x - +4 dragonskin cloak
rCorr   +            (gloves unavailable)
SInv    .            o - +2 pair of boots {Fly}
Will    +++..        X - amulet of Feec Boj {Faith Contam Fly rC+ rCorr}
Stlth   +++          S - ring "Usmig" {Fly Will+ Dex+6}
HPRegen 1.29/turn    U - ring of protection from fire
MPRegen 0.23/turn

%: repel missiles, faith
@: flying, studying Polearms
A: repulsion field 3, demonic guardian 3, powered by death 3, augmentation 1,
demonic touch 3, talons 2, deterioration 2, low MP 1, shaggy fur 1, inability to
drink after injury 1
0: Orb of Zot
}: 3/15 runes: serpentine, barnacled, abyssal
a: Renounce Religion, Wall Jump, Serpent's Lash, Heavenly Storm


You escaped.
You worshipped Wu Jian.
Wu Jian was exalted by your worship.
You visited 7 branches of the dungeon, and saw 39 of its levels.
You visited the Abyss 1 time.
You also visited: Gauntlet.

You collected 3588 gold pieces.
You spent 2134 gold pieces at shops.

Inventory:

Hand Weapons
 c - a +9 vampiric quick blade (weapon)
Missiles
 e - 8 curare-tipped darts
 R - 10 throwing nets
Armour
 g - a +2 hat of willpower (worn)
 o - a +2 pair of boots of flying (worn)
 x - the +4 dragonskin cloak (worn)
   (You took it off Tiamat on level 4 of the Realm of Zot)

   Avatar's Aegis: It grants the wearer a chance to resist fire, cold, poison,
   electricity, acid, and negative energy.
 E - the +1 pair of boots of Gapset {-Cast +Inv rF++ rCorr}
   (You found it on level 4 of the Shoals)

   rF:        It greatly protects you from fire.
   +Inv:      It lets you turn invisible.
   -Cast:     It prevents spellcasting.
   rCorr:     It protects you from acid and corrosion.
 L - the +3 robe of Clouds {*Thunder rCloud rElec}
   (You bought it in a shop on level 6 of the Dungeon)

   *Thunder:  It occasionally creates storm clouds above nearby enemies.
   rCloud:    It grants its wearer immunity to clouds.
   rElec:     It insulates you from electricity.
 Z - a +4 troll leather armour (worn)
Jewellery
 l - a +5 ring of evasion
 t - a +4 ring of protection
 v - an amulet of magic regeneration
 O - an amulet of regeneration
 P - a ring of willpower
 S - the ring "Usmig" (left hand) {Fly Will+ Dex+6}
   (You found it on level 1 of the Orcish Mines)

   [ring of dexterity]

   Dex:       It affects your dexterity (+6).
   Fly:       It grants you flight.
   Will:      It increases your willpower.
 T - the ring of the Equinox {Fly rPois Will+}
   (You bought it in a shop on level 2 of the Orcish Mines)

   [ring of willpower]

   rPois:     It protects you from poison.
   Fly:       It grants you flight.
   Will:      It increases your willpower.
 U - a ring of protection from fire (right hand)
 W - the ring of Fodd {rPois rC+ Str+2}
   (You found it on level 4 of the Shoals)

   [ring of protection from cold]

   Str:       It affects your strength (+2).
   rC:        It protects you from cold.
   rPois:     It protects you from poison.
 X - the amulet of Feec Boj (around neck) {Faith Contam Fly rC+ rCorr}
   (You found it in a Gauntlet)

   [amulet of faith]

   It allows you to gain divine favour quickly.
   rC:        It protects you from cold.
   Fly:       It grants you flight.
   Contam:    It causes magical contamination when unequipped.
   rCorr:     It protects you from acid and corrosion.
Wands
 s - a wand of roots (54)
 F - a wand of acid (21)
 V - a wand of digging (3)
Scrolls
 d - 3 scrolls of noise
 i - a scroll of magic mapping
 j - 5 scrolls of immolation
 n - 3 scrolls of fear
 p - 7 scrolls of teleportation
 q - 6 scrolls of poison
 z - 2 scrolls of enchant weapon
 A - 3 scrolls of fog
 C - 2 scrolls of brand weapon
 G - 2 scrolls of torment
 Q - 10 scrolls of identify
 Y - 2 scrolls of butterflies
Potions
 b - 6 potions of might
 f - 6 potions of magic
 h - 4 potions of resistance
 k - 7 potions of berserk rage
 m - 4 potions of cancellation
 r - 5 potions of ambrosia
 w - 5 potions of flight
 D - 6 potions of lignification
 H - 7 potions of attraction
 I - 3 potions of invisibility
 J - 9 potions of heal wounds
 K - 2 potions of haste
 M - 11 potions of curing
 N - 4 potions of mutation
Miscellaneous
 a - a phial of floods
 u - a condenser vane


   Skills:
 + Level 18.9 Fighting
 - Level 8.0 Short Blades
 - Level 1.7 Throwing
 + Level 11.2 Armour
 + Level 18.3 Dodging
 - Level 20.0 Stealth
 - Level 4.0 Spellcasting
 - Level 4.0 Transmutations
 - Level 22.0 Invocations


You had 26 spell levels left.
You knew the following spells:

 Your Spells              Type           Power      Damage    Failure   Level
a - Wereblood             Tmut           18%        N/A       8%          2

Your spell library contained the following spells:

 Spells                   Type           Power      Damage    Failure   Level
 Beastly Appendage        Tmut           36%        N/A       4%          1
 Apportation              Tloc           6%         N/A       26%         1
 Foxfire                  Conj/Fire      12%        2x1d4     26%         1
 Magic Dart               Conj           12%        1d3       26%         1
 Necrotise                Necr           12%        1d4       26%         1
 Summon Small Mammal      Summ           12%        N/A       26%         1
 Spider Form              Tmut/Pois      10%        N/A       32%         3
 Call Imp                 Summ           6%         N/A       36%         2
 Cigotuvi's Dreadful Rot  Necr/Pois/Air  6%         N/A       36%         2
 Sublimation of Blood     Necr           3%         N/A       36%         2
 Ignite Poison            Fire/Tmut/Pois 8%         N/A       41%         3
 Frozen Ramparts          Ice            6%         1d1       58%         3
 Mephitic Cloud           Conj/Pois/Air  3%         N/A       58%         3
 Tukima's Dance           Hex            3%         N/A       58%         3
 Volatile Blastmotes      Fire/Tloc      6%         2d10      58%         3
 Ice Form                 Ice/Tmut       10%        N/A       73%         4
 Petrify                  Tmut/Erth      10%        N/A       73%         4
 Anguish                  Hex/Necr       1%         N/A       94%         4
 Cause Fear               Hex            1%         N/A       94%         4
 Passage of Golubria      Tloc           3%         N/A       94%         4
 Sticky Flame             Conj/Fire      3%         2d3       94%         4
 Summon Ice Beast         Ice/Summ       3%         N/A       94%         4
 Irradiate                Conj/Tmut      5%         3d13      97%         5
 Yara's Violent Unravell  Hex/Tmut       5%         3d4       97%         5
 Fireball                 Conj/Fire      1%         3d3       100%        5
 Freezing Cloud           Conj/Ice/Air   1%         6-21      100%        5
 Plasma Beam              Fire/Air       1%         2x1d12    100%        6
 Starburst                Conj/Fire      1%         6d3       100%        6
 Enfeeble                 Hex            1%         N/A       100%        7
 Summon Hydra             Summ           1%         N/A       100%        7
 Ignition                 Fire           1%         3d3       100%        8
 Necromutation            Tmut/Necr      5%         N/A       100%        8


Dungeon Overview and Level Annotations

Branches:
Dungeon (15/15)            Temple (0/1) D:7            Lair (5/5) D:8
 Shoals (4/4) Lair:2        Snake (4/4) Lair:2        Slime (0/5) Lair:4
    Orc (2/2) D:10            Elf (0/3) Orc:2        Vaults (0/5) D:14
 Depths (4/4) D:15            Zot (5/5) Depths:4    Gauntlet (visited)

Altars:
Fedhas
Gozag
Hepliaklqana
Makhleb
Nemelex Xobeh
Okawaru
Qazlal
Trog
Vehumet
Wu Jian
Xom
Yredelemnul
Jiyva
Lugonu

Shops:
D:6 [   D:10 *   D:15 [   Orc:2 *[=(   Shoals:4 *   Snake:1 *([![   Snake:3 *(

Portals:
Hell: Depths:3
Abyss: Lair:5
Pandemonium: Depths:3
Ziggurat: Depths:3

Annotations:
Shoals:1 2 runed translucent doors, 13Fox's ghost, adept DsGl
Shoals:4 Jackthecabe's ghost, adept GnAE
Depths:2 exclusion: 2 upstairs
Depths:3 1 runed translucent door, exclusion: upstairs
Depths:4 exclusion: 2 upstairs
Zot:3 exclusion: downstairs
Zot:5 exclusion: 2 upstairs


Innate Abilities, Weirdness & Mutations

You are surrounded by a strong repulsion field. (EV +4, RMsl)
A powerful demonic guardian rushes to your aid.
You regenerate a lot of health from kills.
Your magical and physical power is slightly enhanced at high health.
Your touch may irresistibly damage your foes and sap their willpower.
You have razor-sharp toenails.
Your body often deteriorates upon taking damage.
Your magical capacity is low. (-10% MP)
You are covered in fur. (AC +1)
You occasionally lose the ability to drink potions when taking damage.


Message History

You convulse.
The angel hits you but does no damage.
You fly upwards.
There is a stone staircase leading down here.
(D) Dungeon (T) Temple (L) Lair (A) Shoals (P) Snake Pit (M) Slime Pits (O) Orcish Mines (E) Elven Halls (V) Vaults (U) Depths (H) Hell (Z) Zot
Where to? (Enter - D:1 @ (x,y), ? - help)
You see here a +0 flail of protection.
HP restored.
A blizzard demon comes into view.
Really fly into that teleport trap? [Y]es or [N]o only, please.
Really fly into that teleport trap?
Okay, then.
The blizzard demon gestures at you.
An orc wizard comes into view. It is wielding a +0 dagger.
The orc wizard shouts!
A hellephant comes into view.
There is a stone staircase leading up here.
You fly upwards.
There is a stone staircase leading down here.
(D) Dungeon (T) Temple (L) Lair (A) Shoals (P) Snake Pit (M) Slime Pits (O) Orcish Mines (E) Elven Halls (V) Vaults (U) Depths (H) Hell (Z) Zot
Where to? (Enter - D:1 @ (x,y), ? - help)
There is a stone staircase leading up here.
You fly upwards.
There is a stone staircase leading down here.
There is a stone staircase leading up here.
You fly upwards.
There is a stone staircase leading down here.
There is a stone staircase leading up here.
You fly upwards.
There is a stone staircase leading down here.
There is an open door here.
There is an open door here.
There is a staircase leading out of the dungeon here.
A glowing orange brain comes into view.
There is a staircase leading out of the dungeon here.
You have escaped!

## ######
.###############....###
........[.##..........###
###.....###...#####.....###
..####.....####...####....#
.....###'###.........###..#
⌠......'.'......@G.....#..#
.....###'###.........###..#
..####.....####...####....#
###...........#####....[..#
....##....................#
...##.............###.....#
†.###.###..######## #####.#
)########.######### ###
.##...............#


You could see a glowing orange brain.

Vanquished Creatures
  A dread lich (Zot:5)
  Tiamat (Zot:4)
  An ancient lich (Zot:5)
  8 orbs of fire
  A juggernaut (Abyss:3)
  3 Killer Klowns
  Vashnia (Snake:3)
  A curse toe (Zot:4)
  8 golden dragons
  A bone dragon (Zot:3)
  3 electric golems
  A Tzitzimitl (Zot:5)
  4 tentacled monstrosities
  Mlioglotl (Snake:3)
  27 Orb Guardians
  2 krakens
  3 quicksilver dragons
  Gastronok (Lair:2)
  3 death cobs
  A sphinx (Depths:2)
  A storm dragon (Depths:4)
  A shadow dragon (Zot:5)
  The ghost of Qofeek the Fighter, an adept OpVM of Vehumet (Snake:1)
  2 revenants (Abyss:2)
  3 draconian monks
  8 nagarajas
  Ilsuiw (Shoals:4)
  3 frost giants
  3 draconian scorchers
  Aizul (Snake:4)
  Louise (Snake:3)
  4 fire giants
  7 draconian shifters
  An angel (Abyss:3)
  5 draconian annihilators
  A cacodemon (Abyss:2)
  A draconian stormcaller (Zot:3)
  2 orc warlords (Orc:2)
  An ironbound preserver (D:14)
  A vampire knight (Depths:3)
  6 very ugly things
  8 green draconians
  2 ophanim (Abyss:3)
  2 stone giants
  7 black draconians
  4 yellow draconians
  A minotaur (Gauntlet)
  The ghost of Ybuibof the Markself, a journeyman DEHu of Hepliaklqana (Orc:1)
  The ghost of SirDiesAlot the Fighter, a journeyman FoFE of Okawaru (D:12)
  Azrael (D:15)
  5 white draconians
  A blizzard demon (Depths:4)
  5 purple draconians
  3 ettins
  6 merfolk javelineers (Shoals:4)
  4 fire dragons
  2 yaktaur captains (Depths:4)
  A great orb of eyes (D:15)
  2 rakshasas
  13 merfolk impalers
  5 hydras
  5 salamander tyrants
  4 ice dragons
  An ogre mage (D:10)
  3 catoblepae
  7 centaur warriors
  A death knight (D:15)
  5 merfolk aquamancers
  4 merfolk avatars
  5 boulder beetles
  4 two-headed ogres
  2 satyrs
  16 anacondas
  2 dancing weapons (Abyss:3)
  A deep troll shaman (Depths:1)
  4 alligator snapping turtles
  12 naga warriors
  4 tengu warriors
  11 death yaks
  Urug (Lair:1)
  13 naga sharpshooters
  A spriggan berserker (Depths:4)
  7 shock serpents
  5 thrashing horrors
  Nergalle (D:10)
  4 orc high priests (Orc:2)
  A sun demon (Depths:2)
  2 wretched stars (Abyss:2)
  2 cherubim (Abyss:3)
  4 salamander mystics
  4 skysharks
  10 sea snakes
  A fire crab (Gauntlet)
  11 naga ritualists
  A skeletal warrior (D:15)
  5 sixfirhies
  4 deep trolls (Depths:1)
  A shadow demon (D:14)
  2 lindwurms (Lair:5)
  3 phantasmal warriors
  2 obsidian statues
  2 wizards
  3 orc knights (Orc:2)
  9 mana vipers
  19 harpies
  23 salamanders
  3 deep elf pyromancers (D:14)
  2 necromancers
  16 ugly things
  5 orc sorcerers
  A manticore (shapeshifter) (D:15)
  16 fauns
  5 cyclopes
  19 manticores
  A worldbinder (Abyss:2)
  12 moths of wrath
  A rust devil (D:14)
  9 water nymphs
  42 black mambas
  5 elephants (Lair:1)
  A black mamba (shapeshifter) (D:13)
  7 merfolk sirens
  6 guardian serpents
  A guardian serpent (shapeshifter) (D:14)
  11 large abominations
  A stone giant skeleton (Depths:1)
  4 orange demons
  10 cane toads
  7 smoke demons
  12 naga magi
  2 unseen horrors
  2 gargoyles (D:12)
  3 rime drakes
  Maggie (Lair:2)
  2 tengu conjurers (D:13)
  3 freezing wraiths
  2 tormentors
  7 komodo dragons
  4 ancient zymes
  37 merfolk
  A red devil (Gauntlet)
  A hellwing (Abyss:2)
  A hornet (D:9)
  2 polar bears
  A polar bear (shapeshifter) (Lair:5)
  4 trolls
  6 wind drakes
  8 snapping turtles
  3 dream sheep (Shoals:3)
  4 raiju (Abyss:2)
  27 blink frogs
  4 flying skulls (Abyss:2)
  9 slime creatures
  5 ynoxinuls
  3 fire elementals (D:15)
  2 shadows
  A culicivora (shapeshifter) (D:14)
  40 yaks
  10 water elementals
  11 basilisks
  5 starcursed masses (Abyss:2)
  2 fire bats (Gauntlet)
  2 spriggans (Lair:5)
  7 wyverns
  A human (shapeshifter) (D:14)
  6 wraiths
  A redback (shapeshifter) (D:10)
  4 vampire mosquitoes (D:12)
  12 wargs
  3 chaos spawn
  A steam dragon (D:9)
  24 nagas
  Edmund (D:5)
  2 acid dragons
  2 hell hounds (D:15)
  19 water moccasins
  5 ice beasts
  39 orc warriors
  4 ogres
  A black bear (D:5)
  An ogre (shapeshifter) (D:10)
  17 wolves
  3 centaurs
  A kobold brigand (D:7)
  Blork the orc (D:5)
  A gnoll sergeant (D:10)
  11 bullfrogs
  2 scorpions
  6 wights
  5 killer bees
  10 howler monkeys
  4 crimson imps
  5 electric eels
  A quasit (Abyss:2)
  2 hounds
  3 jellies (Lair:4)
  25 orc priests
  Crazy Yiuf (D:5)
  3 iron imps (Abyss:2)
  A sleepcap (D:7)
  16 small abominations
  An iguana (D:7)
  33 orc wizards
  2 yak simulacra (Lair:4)
  3 wolf simulacra (Lair:4)
  5 polar bear simulacra (Lair:4)
  11 gnolls
  10 adders
  A shadow imp (D:3)
  5 white imps
  2 ufetubi
  5 worms
  5 dart slugs
  87 orcs
  8 ball pythons
  9 endoplasms
  2 giant cockroaches
  7 goblins
  8 hobgoblins
  14 jackals
  2 quokkas
  4 bats
  3 frilled lizards
  9 kobolds
  7 rats
  A river rat simulacrum (Lair:4)
  3 lurking horrors
1342 creatures vanquished.

Vanquished Creatures (collateral kills)
  An Orb Guardian (Zot:5)
  A draconian annihilator (Zot:3)
  A black draconian (Depths:4)
  A centaur warrior (Shoals:1)
  An anaconda (Snake:3)
  A satyr (Shoals:3)
  2 sea snakes (Shoals:4)
  A cyclops (Shoals:3)
  3 fauns
  A black mamba (Snake:4)
  A merfolk (Shoals:1)
  A snapping turtle (Shoals:3)
  A dream sheep (Shoals:3)
  A water elemental (Shoals:1)
  2 chaos spawn
  2 orcs (Orc:2)
21 creatures vanquished.

Vanquished Creatures (others)
  An eldritch tentacle (Shoals:4)
  A merfolk aquamancer (Shoals:3)
  An ugly thing (D:15)
  A guardian serpent (Snake:4)
  An efreet (D:14)
  A naga (Snake:4)
  A howler monkey (D:8)
  22 fungi
  66 plants
  4 tentacles (Shoals:4)
99 creatures vanquished.

Grand Total: 1462 creatures vanquished

Notes
Turn   | Place    | Note
-------+----------+-------------------------------------------
     0 | D:1      | bakla the Demonspawn Brigand began the quest for the Orb.
     0 | D:1      | Reached XP level 1. HP: 16/16 MP: 1/1
    39 | D:1      | Reached skill level 1 in Dodging
    99 | D:1      | Gained mutation: You are surrounded by a mild repulsion
                  | field. (EV +2) [demonic ancestry]
    99 | D:1      | Reached XP level 2. HP: 15/22 MP: 2/2
   855 | D:2      | Gained mutation: Your touch may inflict minor irresistible
                  | damage on your foes. [demonic ancestry]
   855 | D:2      | Reached XP level 3. HP: 19/28 MP: 3/3
  1606 | D:3      | Reached XP level 4. HP: 34/34 MP: 4/4
  1875 | D:3      | Reached XP level 5. HP: 24/40 MP: 5/5
  2041 | D:3      | Found a stormy altar of Qazlal.
  2041 | D:3      | Found a radiant altar of Vehumet.
  2793 | D:4      | Gained mutation: You are surrounded by a moderate repulsion
                  | field. (EV +3) [demonic ancestry]
  2793 | D:4      | Reached XP level 6. HP: 28/47 MP: 6/6
  3517 | D:5      | Entered Level 5 of the Dungeon
  3529 | D:5      | You fall into a shaft and drop 2 floors!
  3556 | D:7      | Noticed an ice beast
  3576 | D:7      | Noticed an orc warrior
  3668 | D:7      | Found a blossoming altar of Fedhas.
  3807 | D:6      | Found Temuacih's Antique Armour Shop.
  3985 | D:5      | Reached XP level 7. HP: 50/53 MP: 7/7
  4055 | D:5      | Found a basalt altar of Yredelemnul.
  4109 | D:5      | Noticed Blork the orc
  4123 | D:5      | Killed Blork the orc
  4124 | D:5      | Reached skill level 5 in Stealth
  4207 | D:5      | Noticed Edmund
  4233 | D:5      | Killed Edmund
  4234 | D:5      | Reached skill level 5 in Short Blades
  4530 | D:5      | Found a runed translucent door.
  4532 | D:5      | Noticed Crazy Yiuf
  4540 | D:5      | Killed Crazy Yiuf
  4582 | D:5      | Found an opulent altar of Gozag.
  4582 | D:5      | Found a hazy altar of Hepliaklqana.
  5407 | D:6      | Found an ornate altar of the Wu Jian Council.
  5492 | D:6      | Became a worshipper of the Wu Jian Council
  5908 | D:7      | Reached XP level 8. HP: 31/61 MP: 8/8
  6060 | D:7      | Identified a scroll of acquirement
  6060 | D:7      | Acquired a +4 vampiric quick blade
  6259 | D:7      | Reached skill level 5 in Fighting
  6369 | D:7      | Found a staircase to the Ecumenical Temple.
  6821 | D:8      | Noticed a rime drake
  6849 | D:8      | Reached XP level 9. HP: 55/68 MP: 9/9
  6903 | D:8      | Found a staircase to the Lair.
  6960 | D:8      | Killed a rime drake
  6961 | D:8      | Reached skill level 5 in Dodging
  6968 | D:8      | Reached * piety under Wu Jian
  7564 | D:8      | Found an iron altar of Okawaru.
  9039 | D:9      | Reached XP level 10. HP: 69/79 MP: 10/10
  9165 | D:9      | Found a shimmering altar of Xom.
  9248 | D:9      | Reached ** piety under Wu Jian
  9748 | D:10     | Entered Level 10 of the Dungeon
  9934 | D:10     | Found a bloodstained altar of Trog.
  9964 | D:10     | Noticed a two-headed ogre
  9968 | D:10     | Killed a two-headed ogre
 10052 | D:10     | Identified the +2 flail "Soj Qevoupid" {freeze, rElec rF+
                  | rN++ Dex-2}
 10060 | D:10     | Noticed Nergalle
 10066 | D:10     | Killed Nergalle
 10131 | D:10     | Gained mutation: A weak demonic guardian rushes to your
                  | aid. [demonic ancestry]
 10131 | D:10     | Reached XP level 11. HP: 86/87 MP: 11/11
 10241 | D:10     | Noticed a two-headed ogre
 10255 | D:10     | Killed a two-headed ogre
 10286 | D:10     | Found a staircase to the Orcish Mines.
 10462 | D:10     | Noticed an ogre mage
 10466 | D:10     | Found the +5 Lochaber axe {reach-cleave, Poleaxe Drain}
 10492 | D:10     | Killed an ogre mage
 10714 | D:10     | Found Rebod's General Store.
 10719 | D:10     | Bought a scroll of fear for 48 gold pieces
 10817 | D:6      | Bought a pair of runed boots for 187 gold pieces
 10969 | D:11     | Identified the +0 ring mail of the Spider Nest {Dex+4}
 10993 | D:11     | Reached skill level 10 in Stealth
 11326 | D:11     | Noticed a boulder beetle
 11374 | D:11     | Killed a boulder beetle
 11510 | D:11     | Reached *** piety under Wu Jian
 11673 | D:11     | Reached skill level 10 in Fighting
 11991 | D:12     | Learned a level 2 spell: Wereblood
 12034 | D:12     | Noticed a two-headed ogre
 12061 | D:12     | Killed a two-headed ogre
 12446 | D:12     | Reached XP level 12. HP: 99/99 MP: 12/12
 12635 | D:12     | Found a runed translucent door.
 12637 | D:12     | Noticed a fire giant
 12638 | D:12     | Noticed SirDiesAlot's ghost (journeyman FoFE)
 12843 | D:12     | Killed SirDiesAlot's ghost
 12848 | D:12     | Killed a fire giant
 12853 | D:12     | Identified the amulet "Iffeitt" {Reflect -Cast Harm rF+
                  | SH+5}
 13065 | D:6      | Bought the +3 robe of Clouds {*Thunder rCloud rElec} for
                  | 742 gold pieces
 13065 | D:6      | Found the +3 robe of Clouds {*Thunder rCloud rElec}
 13236 | Lair:1   | Entered Level 1 of the Lair of Beasts
 13248 | Lair:1   | Noticed a catoblepas
 13259 | Lair:1   | Killed a catoblepas
 13269 | Lair:1   | Reached skill level 10 in Dodging
 13629 | Lair:1   | Reached **** piety under Wu Jian
 14148 | Lair:2   | Noticed Urug
 14161 | Lair:1   | Killed Urug
 14210 | Lair:2   | Noticed Gastronok
 14215 | Lair:2   | Noticed Maggie
 14231 | Lair:2   | Killed Gastronok
 14232 | Lair:2   | Reached skill level 1 in Spellcasting
 14232 | Lair:2   | Reached skill level 1 in Transmutations
 14235 | Lair:2   | Killed Maggie
 14381 | Lair:2   | Noticed a catoblepas
 14387 | Lair:2   | Killed a catoblepas
 14388 | Lair:2   | Gained mutation: Your touch may inflict irresistible damage
                  | on your foes. [demonic ancestry]
 14388 | Lair:2   | Reached XP level 13. HP: 108/108 MP: 14/16
 14409 | Lair:2   | Found a staircase to the Snake Pit.
 15431 | Lair:3   | Identified the +0 pair of gloves of Moral Flaws {Dex+4}
 16126 | Lair:4   | Found a staircase to the Slime Pits.
 16128 | Lair:4   | Found a viscous altar of Jiyva.
 16129 | Lair:4   | Reached ***** piety under Wu Jian
 16705 | Lair:5   | Entered Level 5 of the Lair of Beasts
 16835 | Lair:5   | Gained mutation: You regenerate a little health from kills.
                  | [demonic ancestry]
 16835 | Lair:5   | Reached XP level 14. HP: 116/118 MP: 17/20
 16911 | Lair:5   | Identified the +0 robe of Minor Irritation {-Tele MP+9
                  | Int+3}
 17404 | Lair:5   | Reached ****** piety under Wu Jian
 17510 | Lair:5   | Found a corrupted altar of Lugonu.
 17510 | Lair:5   | Found a one-way gate to the infinite horrors of the Abyss.
 17925 | Orc:1    | Entered Level 1 of the Orcish Mines
 17953 | Orc:1    | Found a transporter.
 17957 | Orc:1    | Noticed Ybuibof's ghost (journeyman DEHu)
 18102 | Orc:1    | Found a transporter.
 18303 | Orc:1    | Identified the ring "Usmig" {Fly Will+ Dex+6}
 18322 | Orc:1    | Killed Ybuibof's ghost
 18370 | Orc:2    | Entered Level 2 of the Orcish Mines
 18378 | Orc:2    | Found a burning altar of Makhleb.
 18485 | Orc:2    | Noticed an orc warlord
 18502 | Orc:2    | Killed an orc warlord
 18571 | Orc:2    | Noticed an orc warlord
 18587 | Orc:2    | Killed an orc warlord
 18611 | Orc:2    | Gained mutation: You regenerate health from kills. [demonic
                  | ancestry]
 18611 | Orc:2    | Reached XP level 15. HP: 108/127 MP: 21/21
 18765 | Orc:2    | Reached skill level 15 in Stealth
 19005 | Orc:2    | Found Itemnea's General Store.
 19006 | Orc:2    | Found Iroi's Jewellery Emporium.
 19008 | Orc:2    | Found Fesurip's Antique Armour Emporium.
 19008 | Orc:2    | Found Iciegienn's Antique Weapon Shoppe.
 19015 | Orc:2    | Bought the ring of the Equinox {Fly rPois Will+} for 574
                  | gold pieces
 19025 | Orc:2    | Upgraded the game from 0.30-a0-1161-g0704695555 to
                  | 0.30-a0-1163-gf69bf04e7a
 19081 | Orc:2    | Found a staircase to the Elven Halls.
 19397 | Snake:1  | Entered Level 1 of the Snake Pit
 19554 | Snake:1  | Found a runed translucent gate.
 19554 | Snake:1  | Found a runed translucent gate.
 19554 | Snake:1  | Found an opulent altar of Gozag.
 19554 | Snake:1  | Found a runed translucent gate.
 19554 | Snake:1  | Noticed Qofeek's ghost (adept OpVM)
 19557 | Snake:1  | Found Ymef's Assorted Antiques.
 19729 | Snake:1  | Found Duche's Weapon Emporium.
 19730 | Snake:1  | Found Fotid's Distillery.
 19730 | Snake:1  | Found Uwiagh's Armour Emporium.
 19731 | Snake:1  | Found Gigrowou's Antique Armour Shoppe.
 19745 | Snake:1  | Bought a pair of glowing boots for 270 gold pieces
 19752 | Snake:1  | Bought 2 curare-tipped darts for 33 gold pieces
 19755 | Snake:1  | Bought 2 potions of resistance for 280 gold pieces
 20597 | Snake:2  | Reached skill level 15 in Fighting
 21558 | Snake:3  | Noticed a nagaraja
 21573 | Snake:3  | Killed a nagaraja
 21642 | Snake:3  | Noticed Vashnia
 21649 | Snake:3  | Killed Vashnia
 21816 | Snake:3  | Noticed Mlioglotl
 21822 | Snake:3  | Reached skill level 15 in Dodging
 21827 | Snake:3  | Killed Mlioglotl
 21828 | Snake:3  | Gained mutation: Your touch may irresistibly damage your
                  | foes and sap their willpower. [demonic ancestry]
 21828 | Snake:3  | Reached XP level 16. HP: 131/136 MP: 22/22
 21922 | Snake:3  | Found Uchi's Antique Weapon Shoppe.
 21930 | Snake:3  | Found Suefrilu's Assorted Antiques.
 22010 | Snake:3  | Noticed Louise
 22038 | Snake:3  | Killed Louise
 22279 | Snake:4  | Entered Level 4 of the Snake Pit
 22295 | Snake:4  | Noticed Aizul
 22309 | Snake:4  | Killed Aizul
 22628 | Snake:4  | Reached skill level 1 in Invocations
 22629 | Snake:4  | Reached skill level 2 in Invocations
 22632 | Snake:4  | Reached skill level 3 in Invocations
 22635 | Snake:4  | Gained mutation: A demonic guardian rushes to your aid.
                  | [demonic ancestry]
 22635 | Snake:4  | Reached XP level 17. HP: 142/142 MP: 21/23
 22649 | Snake:4  | Reached skill level 4 in Invocations
 22658 | Snake:4  | Got a serpentine rune of Zot
 22995 | Shoals:1 | Entered Level 1 of the Shoals
 23010 | Shoals:1 | Reached skill level 5 in Invocations
 23014 | Shoals:1 | Reached skill level 6 in Invocations
 23023 | Shoals:1 | Reached skill level 7 in Invocations
 23087 | Shoals:1 | Reached skill level 8 in Invocations
 23110 | Shoals:1 | Noticed a kraken
 23115 | Shoals:1 | Killed a kraken
 23116 | Shoals:1 | Reached skill level 9 in Invocations
 23375 | Shoals:1 | Found a large runed translucent door.
 23378 | Shoals:1 | Found a large runed translucent door.
 23379 | Shoals:1 | Noticed 13Fox's ghost (adept DsGl)
 23422 | Shoals:1 | Reached skill level 10 in Invocations
 24144 | Shoals:2 | Reached skill level 11 in Invocations
 24177 | Shoals:2 | Found a corrupted altar of Lugonu.
 24559 | Shoals:3 | Reached skill level 12 in Invocations
 24680 | Shoals:3 | Reached skill level 13 in Invocations
 25428 | Shoals:4 | Entered Level 4 of the Shoals
 25441 | Shoals:4 | Reached skill level 14 in Invocations
 25472 | Shoals:4 | Identified the ring of Fodd {rPois rC+ Str+2}
 25514 | Shoals:4 | Reached skill level 15 in Invocations
 25530 | Shoals:4 | Found Icagy's Mass Market.
 25581 | Shoals:4 | Identified the staff of cold "Dogisucy" {rC+ Str+4 Int+3
                  | Stlth-}
 25601 | Shoals:4 | Noticed Ilsuiw
 25634 | Shoals:4 | Reached skill level 16 in Invocations
 25634 | Shoals:4 | Gained mutation: You are surrounded by a strong repulsion
                  | field. (EV +4, RMsl) [demonic ancestry]
 25634 | Shoals:4 | Reached XP level 18. HP: 149/149 MP: 28/30
 25640 | Shoals:4 | Killed Ilsuiw
 26054 | Shoals:4 | Reached skill level 17 in Invocations
 26086 | Shoals:4 | Found a runed translucent gate.
 26087 | Shoals:4 | Found a runed translucent gate.
 26156 | Shoals:4 | Got a barnacled rune of Zot
 26200 | Shoals:4 | Found a runed translucent gate.
 26202 | Shoals:4 | Noticed Jackthecabe's ghost (adept GnAE)
 26238 | Shoals:4 | Identified the +0 dagger "Rochomm" {antimagic, Str+5}
 26295 | Shoals:4 | Found the +8 mithril axe "Arga" {speed, Will+}
 26299 | Shoals:4 | Reached skill level 18 in Invocations
 26682 | Shoals:4 | Identified the +1 pair of boots of Gapset {-Cast +Inv rF++
                  | rCorr}
 26868 | Snake:1  | Killed Qofeek's ghost
 27163 | Lair:5   | Voluntarily entered the Abyss.
 27198 | Abyss:1  | Found a corrupted altar of Lugonu.
 27199 | Abyss:1  | Found a corrupted altar of Lugonu.
 27199 | Abyss:1  | Found a corrupted altar of Lugonu.
 27247 | Abyss:1  | Reached skill level 19 in Invocations
 27690 | Abyss:2  | Reached skill level 20 in Invocations
 27818 | Abyss:3  | Found a corrupted altar of Lugonu.
 27877 | Abyss:3  | Noticed a juggernaut
 27881 | Abyss:3  | Killed a juggernaut
 27882 | Abyss:3  | Reached skill level 21 in Invocations
 27886 | Abyss:3  | Got an abyssal rune of Zot
 27890 | Lair:5   | Escaped the Abyss
 28876 | D:14     | Found a gate leading to a gauntlet.
 28894 | Gauntlet | Entered a Gauntlet
 28894 | Gauntlet | Found a transporter.
 28907 | Gauntlet | Found a transporter.
 28918 | Gauntlet | Found a transporter.
 28923 | Gauntlet | Found a transporter.
 28940 | Gauntlet | Found a transporter.
 28959 | Gauntlet | Found a transporter.
 28971 | Gauntlet | Found a transporter.
 28980 | Gauntlet | Found a transporter.
 28995 | Gauntlet | Found a transporter.
 29007 | Gauntlet | Found a transporter.
 29024 | Gauntlet | Found a transporter.
 29042 | Gauntlet | Found a transporter.
 29044 | Gauntlet | Found a transporter.
 29071 | Gauntlet | Found a transporter.
 29091 | Gauntlet | Found a transporter.
 29169 | Gauntlet | Found a transporter.
 29189 | Gauntlet | Found a transporter.
 29328 | Gauntlet | Found a transporter.
 29340 | Gauntlet | Identified the ring of Daffodils {rN+ Str+2 Dex+4}
 29377 | Gauntlet | Identified the staff of earth "Eshrah" {rC+ Dex+3}
 29408 | Gauntlet | Identified the amulet of Feec Boj {Faith Contam Fly rC+
                  | rCorr}
 29475 | Gauntlet | Got Thaumaturgy Continued
 29475 | Gauntlet | Got Tibyqaw's Quarto of Changes
 29524 | D:14     | Found a gate to the Vaults.
 29541 | D:14     | Gained mutation: Your magical and physical power is
                  | slightly enhanced at high health. [demonic ancestry]
 29541 | D:14     | Reached XP level 19. HP: 154/155 MP: 33/33
 29743 | D:14     | Reached skill level 22 in Invocations
 29834 | D:14     | Reached skill level 1 in Armour
 30313 | D:15     | Entered Level 15 of the Dungeon
 30373 | D:15     | Found a shimmering altar of Xom.
 30406 | D:15     | Found Kymuw's Antique Armour Shoppe.
 30578 | D:15     | Noticed Azrael
 30584 | D:15     | Killed Azrael
 30732 | D:15     | Found a staircase to the Depths.
 30876 | Depths:1 | Entered Level 1 of the Depths
 31074 | Depths:3 | Found a gateway to Hell.
 31074 | Depths:3 | Found a sparkling altar of Nemelex Xobeh.
 31093 | Depths:3 | Reached skill level 5 in Armour
 31107 | Depths:3 | Found a one-way gateway to a ziggurat.
 31115 | Depths:3 | Found a one-way gate leading to the halls of Pandemonium.
 31220 | Depths:3 | Noticed a golden dragon
 31226 | Depths:3 | Killed a golden dragon
 31260 | Depths:3 | Found a runed translucent door.
 31310 | Depths:4 | Entered Level 4 of the Depths
 31598 | Depths:4 | Found a gate to the Realm of Zot.
 31611 | Zot:1    | Entered Level 1 of the Realm of Zot
 31691 | Zot:1    | Noticed a golden dragon
 31700 | Zot:1    | Killed a golden dragon
 31741 | Zot:3    | Noticed a golden dragon
 31759 | Zot:2    | Killed a golden dragon
 31760 | Zot:2    | Gained mutation: You regenerate a lot of health from kills.
                  | [demonic ancestry]
 31760 | Zot:2    | Reached XP level 20. HP: 123/166 MP: 35/35
 32101 | Zot:3    | Noticed a golden dragon
 32109 | Zot:3    | Killed a golden dragon
 32179 | Zot:3    | Noticed a Killer Klown
 32190 | Zot:3    | Noticed an orb of fire
 32192 | Zot:3    | Killed an orb of fire
 32194 | Zot:3    | Noticed a bone dragon
 32194 | Zot:3    | Noticed a golden dragon
 32202 | Zot:3    | Killed a golden dragon
 32208 | Zot:3    | Killed a bone dragon
 32217 | Zot:3    | Killed a Killer Klown
 32242 | Zot:4    | Found the +4 dragonskin cloak
 32242 | Zot:4    | Noticed Tiamat
 32272 | Zot:4    | Killed Tiamat
 32278 | Zot:4    | Noticed a curse toe
 32283 | Zot:4    | Noticed a golden dragon
 32288 | Zot:4    | Killed a curse toe
 32289 | Zot:4    | Killed a golden dragon
 32563 | Zot:5    | Entered Level 5 of the Realm of Zot
 32575 | Zot:5    | Identified the +8 morningstar "Zuun Hecwen" {heavy, *Noise
                  | rPois Str+4 Dex+3}
 33015 | Zot:5    | Noticed a dread lich
 33029 | Zot:5    | Killed a dread lich
 33042 | Zot:5    | Noticed a Killer Klown
 33043 | Zot:5    | Noticed an orb of fire
 33046 | Zot:5    | Gained mutation: You are dopey. (Int -2) [an orb of fire]
 33047 | Zot:5    | Gained mutation: Your magical capacity is low. (-10% MP)
                  | [an orb of fire]
 33048 | Zot:5    | Killed an orb of fire
 33048 | Zot:5    | Killed a Killer Klown
 33052 | Zot:5    | Noticed an orb of fire
 33056 | Zot:5    | Noticed a golden dragon
 33062 | Zot:5    | Gained mutation: You do not regenerate when monsters are
                  | visible. [an orb of fire]
 33063 | Zot:5    | Killed an orb of fire
 33064 | Zot:5    | Gained mutation: A powerful demonic guardian rushes to your
                  | aid. [demonic ancestry]
 33064 | Zot:5    | Reached XP level 21. HP: 176/176 MP: 32/32
 33066 | Zot:5    | Killed a golden dragon
 33071 | Zot:5    | Lost mutation: Your magical capacity is low. (-10% MP)
                  | [potion of mutation]
 33071 | Zot:5    | Lost mutation: You are dopey. (Int -2) [potion of mutation]
 33071 | Zot:5    | Gained mutation: You are clumsy. (Dex -2) [potion of
                  | mutation]
 33071 | Zot:5    | Gained mutation: You have sharp toenails. [potion of
                  | mutation]
 33071 | Zot:5    | Gained mutation: You are very clumsy. (Dex -4) [potion of
                  | mutation]
 33071 | Zot:5    | Gained mutation: You are somewhat resistant to further
                  | mutation. [potion of mutation]
 33072 | Zot:5    | Lost mutation: You are very clumsy. (Dex -4) [potion of
                  | mutation]
 33072 | Zot:5    | Lost mutation: You are somewhat resistant to further
                  | mutation. [potion of mutation]
 33072 | Zot:5    | Gained mutation: Your spells are a little easier to cast,
                  | but a little less powerful. [potion of mutation]
 33072 | Zot:5    | Lost mutation: Your spells are a little easier to cast, but
                  | a little less powerful. [potion of mutation]
 33072 | Zot:5    | Gained mutation: You have razor-sharp toenails. [potion of
                  | mutation]
 33072 | Zot:5    | Gained mutation: You expend magic power (3 MP) to
                  | strengthen your wands. [potion of mutation]
 33074 | Zot:5    | Noticed an orb of fire
 33076 | Zot:5    | Lost mutation: You expend magic power (3 MP) to strengthen
                  | your wands. [potion of mutation]
 33076 | Zot:5    | Lost mutation: You do not regenerate when monsters are
                  | visible. [potion of mutation]
 33076 | Zot:5    | Lost mutation: You are clumsy. (Dex -2) [potion of
                  | mutation]
 33076 | Zot:5    | Gained mutation: You possess an exceptional clarity of
                  | mind. [potion of mutation]
 33076 | Zot:5    | Gained mutation: Your magical capacity is low. (-10% MP)
                  | [potion of mutation]
 33076 | Zot:5    | Gained mutation: You are covered in fur. (AC +1) [potion of
                  | mutation]
 33077 | Zot:5    | Noticed an orb of fire
 33079 | Zot:5    | Killed an orb of fire
 33079 | Zot:5    | Reached skill level 10 in Armour
 33083 | Zot:5    | Noticed an orb of fire
 33083 | Zot:5    | Gained mutation: Your body sometimes deteriorates upon
                  | taking damage. [an orb of fire]
 33085 | Zot:5    | Killed an orb of fire
 33086 | Zot:5    | Noticed an orb of fire
 33086 | Zot:5    | Noticed an orb of fire
 33090 | Zot:5    | Noticed an ancient lich
 33092 | Zot:5    | Killed an ancient lich
 33093 | Zot:5    | Gained mutation: Your body often deteriorates upon taking
                  | damage. [an orb of fire]
 33097 | Zot:5    | Lost mutation: You possess an exceptional clarity of mind.
                  | [an orb of fire]
 33098 | Zot:5    | Noticed a Killer Klown
 33100 | Zot:5    | Killed an orb of fire
 33102 | Zot:5    | Killed an orb of fire
 33102 | Zot:5    | Gained mutation: You occasionally lose the ability to drink
                  | potions when taking damage. [an orb of fire]
 33103 | Zot:5    | Killed an orb of fire
 33109 | Zot:5    | Killed a Killer Klown
 33115 | Zot:5    | Noticed a golden dragon
 33118 | Zot:5    | Killed a golden dragon
 33145 | Zot:5    | Got the Orb of Zot
 33239 | Zot:5    | Noticed Matam the pandemonium lord
 33490 | Depths:2 | Noticed Loany the pandemonium lord
 33586 | D:15     | Noticed Quhuk the pandemonium lord
 33642 | D:13     | Noticed Yqiy the pandemonium lord
 33770 | D:6      | Noticed a seraph
 33770 | D:6      | Identified the +0 buckler of the Mantidfly {Str+2}
 33898 | D:$      | Escaped with the Orb!

Illustrated notes

Levels and vault maps discovered:
D:1:      elethiomel_arrival_infinity_welcomes_careful_drivers, layout_rooms
D:2:      layout_rooms
D:3:      layout_loops_ring, jmf_multi_god_temple, serial_bayou_pond_d,
          chequers_mini_garden, minmay_joined_circles
D:4:      kennysheep_spiral_hall, layout_basic, tso_altar
D:5:      layout_rooms, mainiacjoe_overflow_paths,
          gammafunk_temple_overflow_elements, minmay_holes,
          minmay_fractal_squares_5, uniq_edmund, uniq_crazy_yiuf_cottage,
          uniq_blork_the_orc
D:6:      layout_basic, mainiacjoe_overflow_alcove_1, serial_shops, shop,
          lemuel_flame_loot_1
D:7:      layout_loops_ring, fedhas_altar_1, minmay_temple_entry_fiery,
          st_stairs_2
D:8:      layout_loops_corners, mainiacjoe_overflow_catwalk,
          hellmonk_lair_entry_icy, minmay_misc_feat_four_crosses
D:9:      layout_stronghold, mainiacjoe_overflow_boulevard, serial_rivers,
          chequers_serial_rivers_small_3, chequers_serial_rivers_micro_a,
          chequers_serial_rivers_micro_a, chequers_serial_rivers_large_a,
          chequers_serial_rivers_room_b, grunt_decor_clamped
D:10:     layout_basic, pf_just_have_faith, orc_0_dummy, serial_shops,
          nicolae_shop_back_alley_shop, minmay_mirror_moons_of_madness,
          uniq_nergalle
D:11:     layout_basic
D:12:     layout_gridville, ebering_ghost_inner_flame,
          kennysheep_opposing_triangles
D:13:     layout_loops_ring
D:14:     layout_long_grid, skrybe_vaults_entry_preservation,
          roderic_cross_of_infinity, gauntlet_entry_generic, hex_tiny,
          kennysheep_generic_room_16
D:15:     gammafunk_enter_depths_forms, layout_cave_pools, serial_shops, shop,
          xom_teletrap_fun, uniq_azrael
Lair:1:   layout_cave_pods
Lair:2:   layout_chaotic_city, nicolae_shoals_entry_flooding,
          minmay_snake_entry_six_corridors, uniq_maggie, uniq_urug,
          uniq_gastronok
Lair:3:   layout_chaotic_city, st_stairs_7, dreamdust_mushroom_princess,
          lemuel_fruit_tree, serial_bayou_shore_b
Lair:4:   layout_long_grid, minmay_slime_entry_pillars, eino_house_with_fridge,
          grunt_megastairs_2
Lair:5:   hellmonk_lair_end_abyssal_woods, layout_gridlike, serial_bayou_pond_a,
          nicolae_lair_lindhole, infiniplex_staircase_pool
Shoals:1: layout_shoals, ebering_ghost_disaster_area
Shoals:2: layout_shoals, amcnicky_altar_lugonu_corruption
Shoals:3: layout_shoals
Shoals:4: shoals_end_simple, layout_shoals, shoal_ilsuiw,
          gammafunk_ghost_tricky_traps, minmay_shop_mass
Snake:1:  layout_chambers, ebering_ghost_gozag, st_stairs_2, minmay_shoptagon
Snake:2:  layout_chambers, drop_trap, st_stairs_7
Snake:3:  layout_misc_corridors, grunt_megastairs_4, minmay_shop_star,
          uniq_louise, uniq_vashnia, uniq_mlioglotl
Snake:4:  grunt_snake_rune_serpentine_throne, layout_rooms, uniq_aizul
Orc:1:    layout_diamond_mine, gammafunk_ghost_berserking_beasts
Orc:2:    st_orc_congregation, layout_caves, basic_altar
Depths:1: layout_big_octagon, hellmouth_1, kennysheep_pointless_box,
          abyss_entry, serial_co_window_serial, co_window_paths_a,
          co_window_paths_a, co_window_paths_a, co_window_corner_a,
          co_window_corner_a, co_window_paths_b, co_window_of_opportunity_a,
          co_window_corner_b, co_window_2corner, co_window_of_opportunity_b,
          co_window_paths_d, glass_columns_b, gammafunk_ghost_crypt, drop_trap
Depths:2: giant_chief_lemuel, layout_gridlike, rand_demon_pan_entry_1,
          hell_entry, nicolae_gozag_zags_fifth_avenue, special_room
          [special_room_mythical_zoo], hangedman_decor_peaks_small,
          minmay_staircase_statues_hall_small, firewood_loft
Depths:3: minmay_the_grid_net [minmay_the_grid_stretched_grid,
          minmay_the_grid_tiny_cups, minmay_the_grid_tri_star,
          minmay_the_grid_tree, minmay_the_grid_large_cup,
          minmay_the_grid_prize_big_room], layout_cave_pools, enter_ziggurat_b,
          pan_entry, minmay_room_of_horrors, nemelex_xobeh_ov_fountains_minmay,
          hell_entry, minmay_acid_items
Depths:4: grunt_zot_entry_hairpin, layout_basic, serial_shops,
          nicolae_shop_trees, basic_altar, lightli_too_deep
Zot:1:    layout_concentric_octagons, grunt_megastairs_1
Zot:2:    kennysheep_blocky_room, layout_basic, ebering_ghost_rock_garden
Zot:3:    grunt_zot_stairs_mandelzot, layout_gridlike,
          gammafunk_ghost_necromancy, grunt_ministairs_1, uniq_josephina
Zot:4:    layout_misc_corridors, st_stairs_13, uniq_tiamat
Zot:5:    layout_gridlike

Skill      XL: |  1  2  3  4  5  6  7  8  9 10 11 12 13 14 15 16 17 18 19 20 21 |
---------------+----------------------------------------------------------------+-----
Dodging        | 1 2 3 4 6 7 9 10 12 13 15 16 17 18 | 18.3
Short Blades   | 2 3 4 5 7 8 |  8.0
Stealth        | 4 5 6 7 9 11 12 13 14 16 20 | 20.0
Fighting       | 3 4 5 7 8 10 12 13 14 15 16 17 18 | 18.9
Spellcasting   | 2 4 |  4.0
Transmutations | 2 4 |  4.0
Invocations    | 3 16 21 22 | 22.0
Armour         | 6 9 11 | 11.2
Throwing       | |  1.7

Action                     |  1- 3 |  4- 6 |  7- 9 | 10-12 | 13-15 | 16-18 | 19-21 || total
---------------------------+-------+-------+-------+-------+-------+-------+-------++-------
  Melee: Dagger            |   115 |   233 |   114 |       |       |       |       ||   462
         Punch             |     1 |     1 |     8 |    20 |    17 |    48 |    42 ||   137
         Touch             |     3 |    36 |    79 |   204 |   309 |   533 |   436 ||  1600
         Quick blade       |       |       |   323 |   929 |  1702 |  2340 |  2004 ||  7298
  Throw: Dart              |     1 |       |     5 |     5 |       |     4 |       ||    15
         Throwing net      |       |       |       |       |       |     5 |       ||     5
   Cast: Wereblood         |       |       |       |       |    40 |    41 |    16 ||    97
 Invoke: Serpent's Lash    |       |       |       |     3 |     6 |    15 |    13 ||    37
         Heavenly Storm    |       |       |       |       |     1 |     4 |     2 ||     7
Ability: Lunge             |       |       |    23 |    41 |   120 |   144 |    67 ||   395
         Whirlwind         |       |       |     2 |   119 |   328 |   525 |   535 ||  1509
         Wall Jump         |       |       |       |       |     2 |       |     1 ||     3
  Evoke: Wand              |       |     1 |     7 |       |     2 |     2 |     3 ||    15
    Use: Scroll            |     5 |    10 |     9 |     7 |     4 |     4 |    18 ||    57
         Potion            |     1 |     3 |     4 |     1 |       |       |     8 ||    17
   Stab: Sleeping          |    11 |     8 |     4 |     9 |    44 |    35 |    16 ||   127
         Distracted        |       |     1 |     1 |     2 |     8 |    15 |     4 ||    31
         Held in net/web   |       |       |       |       |       |     3 |       ||     3
 Armour: Leather armour    |    34 |    50 |    51 |       |       |       |       ||   135
         Robe              |     3 |       |       |    24 |    98 |   123 |    77 ||   325
         Acid dragon scale |       |       |       |    41 |       |       |       ||    41
         Troll leather arm |       |       |       |       |       |       |    13 ||    13
  Dodge: Dodged            |    63 |   141 |   182 |   213 |   543 |  1029 |   720 ||  2891
         Repelled          |       |       |       |       |       |     4 |    18 ||    22

Table legend: (Time is in decaauts)
 A = Elapsed time spent in this place.
 B = Non-inter-level travel time spent in this place.
 C = Inter-level travel time spent in this place.
 D = Time resting spent in this place.
 E = Time spent auto-exploring this place.
 F = Levels seen in this place.
 G = Mean time per level.
                   A        B        C        D        E       F      G
               +--------+--------+--------+--------+--------+-----+--------+
         Total |  32586 |  29435 |   3151 |   2485 |  18464 |  43 |  757.8 |
       Dungeon |  15401 |  14037 |   1364 |   1898 |   8902 |  15 | 1026.7 |
          Lair |   4859 |   4136 |    723 |     13 |   3170 |   5 |  971.8 |
        Shoals |   3626 |   3497 |    129 |    272 |   2283 |   4 |  906.5 |
     Snake Pit |   3546 |   3278 |    268 |      0 |   2461 |   4 |  886.5 |
  Orcish Mines |   1325 |   1189 |    136 |      0 |    807 |   2 |  662.5 |
        Depths |    849 |    615 |    234 |     15 |      0 |   4 |  212.2 |
           Zot |   1740 |   1444 |    296 |    287 |    330 |   5 |  348.0 |
         Abyss |    661 |    661 |      0 |      0 |    212 |   3 |  220.3 |
      Gauntlet |    575 |    575 |      0 |      0 |    298 |   1 |  575.0 |
               +--------+--------+--------+--------+--------+-----+--------+

Top non-repeatable levels by time:
     D:9: 1790 daAuts
     D:6: 1673 daAuts
     D:7: 1329 daAuts
 Snake:1: 1312 daAuts
Shoals:4: 1246 daAuts
  Lair:5: 1230 daAuts
     D:8: 1156 daAuts
     D:4: 1098 daAuts
    D:11: 1012 daAuts
    D:12: 1000 daAuts
    D:10: 997 daAuts
     D:3: 969 daAuts
 Snake:2: 944 daAuts
  Lair:1: 944 daAuts
  Lair:2: 932 daAuts
